 Dungeon Crawl Stone Soup version 0.27.1-34-g3ba077fa99 (webtiles) character file.

Game seed: 10451846006038374856

61 boopmooplesden the Skirmisher (level 3, 0/34 HPs)
             Began as a Minotaur Fighter on Jan 6, 2022.
             Slain by Crazy Yiuf (5 damage)
             ... on level 2 of the Dungeon.
             The game lasted 00:01:30 (1662 turns).

boopmooplesden the Skirmisher (Minotaur Fighter)    Turns: 1662, Time: 00:01:30

Health: 0/34       AC:  7    Str: 20    XL:     3   Next: 83%
Magic:  0/2        EV:  7    Int:  5    God:
Gold:   71         SH:  9    Dex: 10    Spells: 2/2 levels left

rFire    + . .     SeeInvis .   a - +0 flail
rCold    . . .     Faith    .   c - +0 kite shield
rNeg     . . .     Spirit   .   b - +0 scale mail
rPois    .         Reflect  .   (helmet restricted)
rElec    .         Harm     .   (no cloak)
rCorr    .         Rampage  .   (no gloves)
Will     .....                  (no boots)
Stlth    ..........             (no amulet)
HPRegen  0.11/turn              i - ring of protection from fire
MPRegen  0.08/turn              (no ring)

@: mighty
A: horns 2, retaliatory headbutt
a: no special abilities


You were on level 2 of the Dungeon.
You visited 1 branch of the dungeon, and saw 2 of its levels.

You collected 71 gold pieces.

Inventory:

Hand Weapons
 a - a +0 flail (weapon)
Missiles
 l - 15 poisoned darts (quivered)
Armour
 b - a +0 scale mail (worn)
 c - a +0 kite shield (worn)
Jewellery
 i - a ring of protection from fire (left hand)
Scrolls
 e - a scroll of identify {unknown}
 g - a scroll of immolation {unknown}
 j - a scroll of enchant weapon {unknown}
 k - a scroll of enchant armour {unknown}
Potions
 d - a potion of might
 f - a potion of invisibility {unknown}
 h - a potion of degeneration {unknown}


   Skills:
 + Level 4.4 Fighting
 + Level 3.4 Maces & Flails
 + Level 4.0 Armour
 + Level 0.6 Dodging
 + Level 4.0 Shields


You had 2 spell levels left.
You didn't know any spells.
Your spell library was empty.

Dungeon Overview and Level Annotations

Branches:
Dungeon (2/15)

Altars:
Gozag

Annotations:
D:2 Crazy Yiuf


Innate Abilities, Weirdness & Mutations

You have a pair of horns on your head.
You reflexively headbutt those who attack you in melee.


Message History

A ball python comes into view.
Found 15 poisoned darts.
The ball python hisses angrily.
A ball python is nearby!
A ball python is nearby!
You block the ball python's attack. The ball python grabs you.
The ball python constricts you.
You closely miss the ball python. The ball python closely misses you.
You furiously retaliate!
You headbutt the ball python.
You kill the ball python!
Found 28 arrows.
Things that are here:
15 poisoned darts; a ball python corpse
Things that are here:
15 poisoned darts; a ball python corpse
l - 15 poisoned darts You see here 28 arrows.
Things that are here:
a +0 dagger; a +0 robe; the human skeleton of Jessica
Found a mace.
Found a runed translucent door.
Crazy Yiuf shouts!
Crazy Yiuf yells, "Adder fast snockshim!"
You see here 16 stones.
You see here 16 stones.
Crazy Yiuf grits, "Prologue!
Two illywillydillykilly return to song."
Could not explore, unopened runed door.
You feel very mighty all of a sudden.
You open the door. You closely miss Crazy Yiuf.
Your headbutt misses Crazy Yiuf.
Crazy Yiuf hits you with a +2 quarterstaff of chaos.
You feel your power leaking away.
Your scale mail prevents you from hitting Crazy Yiuf.
Crazy Yiuf hits you with a +2 quarterstaff of chaos!
You are electrocuted!
* * * LOW HITPOINT WARNING * * *
You sock Crazy Yiuf! Your headbutt misses Crazy Yiuf.
Crazy Yiuf is severely wounded.
You block Crazy Yiuf's attack.
Crazy Yiuf hits you with a +2 quarterstaff of chaos.
You die...

#...###.#.#.
#.......#.#. #######
##.##.###.#. ......#
##### ##.##.##....
<####.# #..)#
#........#..
.####.##### #...#
#.###.#....#
.#........# ...
#.###.##.#..
.#..#..##.# #g#
#.....##(...
.#....#.#.## ##@#
#.########..
...........# #.##
#.# #.. ###.##.##.##
##.# #.# #..
#.##.##.## #.##
######## #..
#........# ##.##
#......###..
######.###.# #.PP##
###.........
#.......##.# #P..P#
#.#.........
#.####..##.# #....#
#.#.........
#.####..##.#
#....####.#.##.###..


You could see Crazy Yiuf.

Vanquished Creatures
  Jessica (D:2)
  3 endoplasms
  7 hobgoblins
  3 kobolds (D:1)
  2 quokkas (D:1)
  4 ball pythons
  4 bats
  2 frilled lizards
  8 rats (D:1)
34 creatures vanquished.

Notes
Turn   | Place    | Note
-------+----------+-------------------------------------------
     0 | D:1      | boopmooplesden the Minotaur Fighter began the quest for the
                  | Orb.
     0 | D:1      | Reached XP level 1. HP: 19/19 MP: 0/0
   249 | D:1      | Reached XP level 2. HP: 26/27 MP: 1/1
   361 | D:1      | Found a faded altar of an unknown god.
   945 | D:2      | Noticed Jessica
  1171 | D:2      | Found an opulent altar of Gozag.
  1237 | D:2      | Killed Jessica
  1238 | D:2      | Reached XP level 3. HP: 34/34 MP: 2/2
  1598 | D:2      | Found a runed translucent door.
  1599 | D:2      | Noticed Crazy Yiuf
  1662 | D:2      | Slain by Crazy Yiuf

Illustrated notes

Levels and vault maps discovered:
D:1:      minmay_arrival_stone_box, layout_basic, ebering_ecumenical_altar_webs
D:2:      layout_loops_cross, basic_altar, uniq_crazy_yiuf_cottage, uniq_jessica

Skill      XL: |  1  2 |
---------------+-------+-----
Fighting       | 4 |  4.4
Maces & Flails | 3 |  3.4
Armour         | 4 |  4.0
Shields        | 4 |  4.0
Dodging        | |  0.6

Action                   || total
-------------------------++-------
Melee: Flail             ||    65
       Headbutt          ||     8
  Use: Potion            ||     2
Armor: Scale mail        ||    32
Dodge: Dodged            ||    19
Block: Kite shield       ||    29
